 Dungeon Crawl Stone Soup version 0.31-a0-986-g5e6e4ef867 (webtiles) character file.

Game seed: 14109390602289934244

231 bobarctor the Magician (level 5, 0/28 HPs)
             Began as a Deep Elf Hedge Wizard on Nov 23, 2023.
             Slain by a sleepcap (8 damage)
             ... on level 5 of the Dungeon.
             The game lasted 00:13:09 (3730 turns).

bobarctor the Magician (Deep Elf Hedge Wizard)      Turns: 3730, Time: 00:13:10

Health: 0/28       AC:  3    Str:  7    XL:     5   Next: 72%
Magic:  13/15      EV: 13    Int: 21    God:
Gold:   141        SH:  0    Dex: 14    Spells: 8/16 levels left

rFire   . . .        a - +0 dagger
rCold   . . .        (no shield)
rNeg    . . .        b - +0 robe
rPois   .            f - +0 helmet
rElec   .            (no cloak)
rCorr   .            (no gloves)
SInv    .            (no boots)
Will    .....        m - amulet of magic regeneration
Stlth   ++           (no ring)
HPRegen 0.24/turn    (no ring)
MPRegen 0.54/turn

%: no passive effects
@: no status effects
A: no striking features
a: no special abilities


You were on level 5 of the Dungeon.
You visited 1 branch of the dungeon, and saw 5 of its levels.

You collected 231 gold pieces.
You spent 90 gold pieces at shops.

Inventory:

Hand Weapons
 a - a +0 dagger (weapon)
Missiles
 g - 4 javelins
 y - 2 poisoned darts
Armour
 b - a +0 robe (worn)
 c - a +0 hat
 f - a +0 helmet (worn)
Magical Staves
 q - a staff of earth
Jewellery
 m - an amulet of magic regeneration (around neck)
 s - an amulet of faith
Talismans
 e - a talisman of death
 h - a maw talisman
Wands
 r - a wand of iceblast (8)
 u - a wand of flame (16)
Scrolls
 j - 3 scrolls of revelation
 k - 6 scrolls of identify {unknown}
 t - a scroll of poison {unknown}
 v - a scroll of vulnerability {unknown}
 w - a scroll of enchant weapon {unknown}
 x - a scroll of fog {unknown}
 z - a scroll of amnesia {unknown}
Potions
 d - a potion of magic
 i - 2 potions of attraction {unknown}
 l - 3 potions of curing {unknown}
 n - 2 potions of heal wounds {unknown}
 o - a potion of lignification {unknown}
 p - a potion of degeneration {unknown}


   Skills:
 + Level 3.6 Dodging
 + Level 3.8 Stealth
 * Level 6.0 Spellcasting
 + Level 2.4 Conjurations
 + Level 2.4 Summonings
 + Level 2.3 Translocations


You had 8 spell levels left.
You knew the following spells:

 Your Spells              Type           Power      Damage    Failure   Level
a - Magic Dart            Conj           64%        1d6       3%          1
b - Blink                 Tloc           30%        N/A       6%          2
c - Mephitic Cloud        Conj/Pois/Air  9%         N/A       22%         3
d - Poisonous Vapours     Pois/Air       12%        N/A       14%         2

Your spell library contained the following spells:

 Spells                   Type           Power      Damage    Failure   Level
 Call Imp                 Summ           32%        N/A       5%          2
 Momentum Strike          Conj/Tloc      32%        3d8       5%          2
 Lesser Beckoning         Tloc           30%        N/A       6%          2
 Sandblast                Erth           12%        2d6       10%         1
 Slow                     Hex            24%        N/A       10%         1
 Cigotuvi's Dreadful Rot  Necr/Pois/Air  12%        N/A       14%         2
 Freezing Cloud           Conj/Ice/Air   4%         6-21      89%         5


Dungeon Overview and Level Annotations

Branches:
Dungeon (5/15)
 Temple: D:4-7

Altars:
Wu Jian

Shops:
D:3 *


Message History

A sleepcap is nearby!
Casting: Blink (safe; 6% risk of failure)
Confirm with . or Enter, or press ? or * to list all spells.
You can't see any susceptible monsters within range! (Use Z to cast anyway.)
Casting: Blink (safe; 6% risk of failure)
Confirm with . or Enter, or press ? or * to list all spells.
Okay, then.
Casting: Mephitic Cloud (quite dangerous; 22% risk of failure)
Confirm with . or Enter, or press ? or * to list all spells.
Aiming: Mephitic Cloud (quite dangerous; 22% risk of failure)
Press: ? - help, Shift-Dir - straight line, f - you, p - sleepcap
Okay, then.
Casting: Mephitic Cloud (quite dangerous; 22% risk of failure)
Confirm with . or Enter, or press ? or * to list all spells.
Aiming: Mephitic Cloud (quite dangerous; 22% risk of failure)
Press: ? - help, Shift-Dir - straight line The ball explodes into a vile cloud!
The stinking cloud engulfs the sleepcap but does no damage.
The sleepcap is moderately damaged.
You hit the sleepcap.
The sleepcap is moderately damaged.
You feel ready to blink again. The sleepcap releases spores at you.
You are engulfed in a cloud of soporific spores!
You fall asleep.
The sleepcap releases spores at you.
You wake up.
* * * LOW HITPOINT WARNING * * *
Casting: Mephitic Cloud (quite dangerous; 22% risk of failure)
Confirm with . or Enter, or press ? or * to list all spells.
Aiming: Magic Dart (safe; 3% risk of failure)
Press: ? - help, Shift-Dir - straight line The magic dart hits the sleepcap.
The sleepcap is heavily damaged.
The sleepcap misses you. The sleepcap attacks as it pursues you!
The sleepcap releases spores at you.
* * * LOW HITPOINT WARNING * * *
You are engulfed in a cloud of soporific spores!
You are unaffected.
The sleepcap attacks as it pursues you! The sleepcap releases spores at you!
You die...

#)# #.# #.# #####.#
...#.# #.#####.#.#
..........#
........####
#.#####@...# #. #f##.#
#. #.##.#
######.#####.##.####.#
.......f.............#
..####?#####.##.######
#.### #.##.########
#.#§####.#.........
.####§ ##......####


You could see a sleepcap.

Vanquished Creatures
  A phantom (D:4)
  A bullfrog (D:4)
  2 adders
  A white imp (D:4)
  A dart slug (D:4)
  4 orcs
  5 ball pythons
  6 bats
  5 endoplasms
  A giant cockroach (D:1)
  8 hobgoblins
  7 kobolds
  3 quokkas
  5 frilled lizards
  4 goblins
  4 rats
58 creatures vanquished.

Notes
Turn   | Place    | Note
-------+----------+-------------------------------------------
     0 | D:1      | bobarctor the Deep Elf Hedge Wizard began the quest for the
                  | Orb.
     0 | D:1      | Reached XP level 1. HP: 10/10 MP: 7/7
   379 | D:1      | Reached XP level 2. HP: 15/15 MP: 6/9
   382 | D:1      | Learned a level 2 spell: Blink
   740 | D:1      | Found a faded altar of an unknown god.
   747 | D:1      | Got Plato's Omnibus of Erosion
  1562 | D:2      | Reached XP level 3. HP: 12/19 MP: 0/11
  1651 | D:2      | Learned a level 3 spell: Mephitic Cloud
  1700 | D:2      | Learned a level 2 spell: Poisonous Vapours
  2163 | D:2      | Reached skill level 5 in Spellcasting
  2871 | D:3      | Reached XP level 4. HP: 24/24 MP: 11/13
  3046 | D:3      | Found Teew's General Store.
  3060 | D:3      | Bought a scroll of revelation for 90 gold pieces
  3150 | D:4      | Noticed a bullfrog
  3156 | D:4      | Killed a bullfrog
  3198 | D:4      | Noticed a phantom
  3213 | D:4      | Killed a phantom
  3214 | D:4      | Reached XP level 5. HP: 22/28 MP: 5/15
  3363 | D:4      | Reached skill level 6 in Spellcasting
  3633 | D:5      | Entered Level 5 of the Dungeon
  3675 | D:5      | Found an ornate altar of the Wu Jian Council.
  3730 | D:5      | Slain by a sleepcap

Illustrated notes

Levels and vault maps discovered:
D:1:      co_arrival_random_square_maze, layout_basic,
          shapermc_ecumenical_altar_rom_forum, nicolae_hexahallways
D:2:      mumra_celtic_spiral_tile, layout_loops_ring,
          kennysheep_generic_room_10
D:3:      layout_rooms, serial_shops,
          nicolae_shop_temple_entry_statues_fountains, minmay_between
D:4:      layout_cave_pools
D:5:      layout_loops_ring, pdpol_wu_jian_five_deadly_venoms,
          minmay_temple_entry_arrows

Skill      XL: |  1  2  3  4  5 |
---------------+----------------+-----
Stealth        | 3 |  3.8
Spellcasting   | 5 6 |  6.0
Dodging        | 3 |  3.6
Conjurations   | 2 |  2.4
Summonings     | 2 |  2.4
Translocations | 2 |  2.3

Action                     |  1- 3 |  4- 6 || total
---------------------------+-------+-------++-------
  Melee: Dagger            |    17 |    10 ||    27
         Punch             |       |     1 ||     1
   Cast: Magic Dart        |   121 |    47 ||   168
         Poisonous Vapours |     7 |     4 ||    11
         Mephitic Cloud    |     3 |     1 ||     4
         Blink             |       |     1 ||     1
   Stab: Confused          |     1 |       ||     1
 Armour: Robe              |    24 |    20 ||    44
  Dodge: Dodged            |    39 |    10 ||    49

Table legend: (Time is in decaauts)
 A = Elapsed time spent in this place.
 B = Non-inter-level travel time spent in this place.
 C = Inter-level travel time spent in this place.
 D = Time resting spent in this place.
 E = Time spent auto-exploring this place.
 F = Levels seen in this place.
 G = Mean time per level.
                   A        B        C        D        E       F      G
               +--------+--------+--------+--------+--------+-----+--------+
         Total |   3728 |   3628 |    100 |    416 |   2770 |   5 |  745.6 |
       Dungeon |   3728 |   3628 |    100 |    416 |   2770 |   5 |  745.6 |
               +--------+--------+--------+--------+--------+-----+--------+

Top non-repeatable levels by time:
     D:1: 1545 daAuts
     D:2: 1093 daAuts
     D:3: 510 daAuts
     D:4: 482 daAuts
     D:5: 96 daAuts
